 Dungeon Crawl Stone Soup version 0.29-a0-338-g1ff7896281 (webtiles) character file.

Game seed: 14727409317930384982

3 spaghetti the Caller (level 1, 16/16 HPs)
             Began as a Deep Dwarf Summoner on Apr 19, 2022.
             Quit the game on level 1 of the Dungeon.
             The game lasted 00:00:36 (38 turns).

spaghetti the Caller (Deep Dwarf Summoner)            Turns: 38, Time: 00:00:36

Health: 16/16      AC:  2    Str: 11    XL:     1   Next: 41%
Magic:  1/2        EV: 12    Int: 15    God:
Gold:   0          SH:  0    Dex: 13    Spells: 2/3 levels left

rFire   . . .      SeeInvis .   (no weapon)
rCold   . . .      Faith    .   (no shield)
rNeg    . . .      Spirit   .   a - +0 robe
rPois   .          Reflect  .   (no helmet)
rElec   .          Harm     .   (no cloak)
rCorr   .          Rampage  .   (no gloves)
Will    .....                   (no boots)
Stlth   ++........              (no amulet)
HPRegen 0.00/turn               (no ring)
MPRegen 0.08/turn               (no ring)

@: no status effects
A: damage resistance, heal wounds, sense surroundings 1, no regeneration
a: Heal Wounds


You were on level 1 of the Dungeon.
You visited 1 branch of the dungeon, and saw 1 of its levels.


Innate Abilities, Weirdness & Mutations

You are resistant to damage.
You can heal yourself by infusing magical energy.
You passively map a small area around you.
You do not regenerate.


   Skills:
 + Level 0.8 Fighting
 - Level 2.1 Dodging
 - Level 2.4 Stealth
 - Level 1.7 Spellcasting
 - Level 3.6 Summonings


You had 2 spell levels left.
You knew the following spells:

 Your Spells              Type           Power      Damage    Failure   Level
a - Summon Small Mammal   Summ           48%        N/A       5%          1

Your spell library contained the following spells:

 Spells                   Type           Power      Damage    Failure   Level
 Call Imp                 Summ           12%        N/A       8%          2
 Call Canine Familiar     Summ           12%        N/A       16%         3
 Summon Guardian Golem    Hex/Summ       6%         N/A       32%         3
 Summon Lightning Spire   Summ/Air       6%         N/A       73%         4

Inventory:

Missiles
 c - 18 stones {throwing}
Armour
 a - a +0 robe (worn)
Potions
 b - a potion of magic

Dungeon Overview and Level Annotations

Branches:
Dungeon (1/15)

Altars:

#.....'........#
,
########.......#
#.......#
#######..###.#
*, ,
.............# *
##########.### ,
* #.# #####. * ,
#.##ยง..... , *
*#@#....... , ,
, #KJ)......, ,
, ,#.#....... *
, *,#.'..b.... +
, ###....... , ,
* * #.###.. * *
, .# . , * .# ,
, *.# ,


You could see an endoplasm (ally target), a kobold and a friendly bat
(summoned).


Message History

An endoplasm is nearby!
A hobgoblin and a goblin come into view.
There is an open door here.
Casting: Summon Small Mammal (safe; 5% risk of failure)
Confirm with . or Enter, or press ? or * to list all spells.
You miscast Summon Small Mammal.
You are very lightly contaminated with residual magic.
Nothing appears to happen.
The goblin shouts! ๐Ÿ˜Ž MP[-1]
You lost 1 mp, and now have 2/3 mp.
Casting: Summon Small Mammal (safe; 5% risk of failure)
Confirm with . or Enter, or press ? or * to list all spells.
The hobgoblin shouts!
The endoplasm quivers.
A kobold comes into view. It is wielding a +0 club. ๐Ÿ˜Ž MP[-1]
You lost 1 mp, and now have 1/3 mp.
Casting: Summon Small Mammal (safe; 5% risk of failure)
Confirm with . or Enter, or press ? or * to list all spells.
Your bat barely misses the goblin.
A frilled lizard comes into view.
The endoplasm hits your bat. ๐Ÿ˜Ž MP[-1]
You lost 1 mp, and now have 0/3 mp.
What are your orders? t - Shout!
Orders for allies: a - Attack new target. r - Retreat! s - Stop attacking. g - Guard the area. f - Follow me.
Anything else - Cancel.
Gang up on whom?
Press: ? - help, Dir - move target, f - goblin
Aim: a goblin, wielding a +0 dagger (ally target) Attack!
Your bat hits the goblin.
Your bat barely misses the endoplasm.
The endoplasm hits your bat.
Okay, then.
Unknown command.
You hit the goblin but do no damage.
Your bat barely misses the goblin.
Your rat misses the goblin. The hobgoblin misses your rat.
Your bat hits the hobgoblin. The goblin barely misses you.
You hit the goblin but do no damage. Your bat hits the goblin.
The goblin hits you with a +0 dagger.
Your rat bites the goblin.
The hobgoblin hits your rat. ๐Ÿ˜• HP[-1]
You take 1 damage, and now have 14/15 hp.
You hit the goblin but do no damage. Your bat hits the endoplasm.
The endoplasm closely misses you. The goblin barely misses you.
Your rat closely misses the goblin.
The hobgoblin closely misses your rat.
Your magical contamination has completely faded away.
You closely miss the goblin. The endoplasm freezes you.
You are frozen.
Your bat completely misses the hobgoblin.
Your rat bites the goblin.
The goblin dies!
You now have 16 max hp (+1).
Unknown command.
You hit the hobgoblin but do no damage.
Your bat barely misses the hobgoblin.
The endoplasm freezes you.
You are frozen.
The hobgoblin closely misses you.
Your rat bites the hobgoblin.
The frilled lizard closely misses your rat. ๐Ÿ˜ฎ HP[-3]
You take 3 damage, and now have 11/16 hp.
Unknown command.
You hit the hobgoblin but do no damage. Your bat hits the hobgoblin.
The frilled lizard bites your rat.
Your rat dies!
Your rat's corpse disappears in a puff of smoke!
The endoplasm freezes you.
You are frozen.
The hobgoblin closely misses you. ๐Ÿ˜ฎ HP[-2]
You take 2 damage, and now have 9/16 hp.
You closely miss the hobgoblin. Your bat hits the hobgoblin.
The hobgoblin dies!
The endoplasm freezes you.
You are frozen.
* * * LOW HITPOINT WARNING * * *
๐Ÿ˜จ HP[-4]
You take 4 damage, and now have 5/16 hp.
MASSIVE DAMAGE!! (PAUSE)
The endoplasm attacks as you move away! The endoplasm closely misses you.
You fail to use your ability.
Your bat hits the endoplasm but does no damage.
The endoplasm hits you.
Something closely misses your bat. ๐Ÿ˜จ MP[+1]
You fail to use your ability.
Your bat barely misses the endoplasm.
The endoplasm freezes you.
You are frozen.
* * * LOW HITPOINT WARNING * * *
๐Ÿ˜ฑ HP[-2]
You take 2 damage, and now have 3/16 hp.
Your magical essence is drained by the effort!
You feel much better.
Your bat hits the frilled lizard. x2
The frilled lizard dies!
The kobold misses you.
The endoplasm completely misses you. ๐Ÿ˜Ž HP[+13]
Your hp is fully restored (16).
Are you sure you want to abandon this character and quit the game? (Confirm with "yes".)

Action                   || total
-------------------------++-------
Melee: Unarmed           ||     7
 Cast: Summon Small Mamm ||     2
 Abil: Heal Wounds       ||     1
Dodge: Dodged            ||     8

Levels and vault maps discovered:
D:1:      dpeg_arrival_rooms_b, layout_basic, st_stairs_2

Notes
Turn   | Place    | Note
-------+----------+-------------------------------------------
     0 | D:1      | spaghetti the Deep Dwarf Summoner began the quest for the
                  | Orb.
     0 | D:1      | Reached XP level 1. HP: 15/15 MP: 3/3
     0 | D:1      | magus.rc [v1.9.6]
    36 | D:1      | HP: 3/16 [frozen (2)]
    38 | D:1      | Quit the game

Vanquished Creatures (collateral kills)
  A goblin (D:1)
  A hobgoblin (D:1)
  A frilled lizard (D:1)
3 creatures vanquished.

Table legend:
 A = Non-vault XP
 B = Vault XP
 C = Vault XP percentage of total XP
 D = Non-vault monster count
 E = Vault monster count
 F = Vault count percentage of total count
                 A         B        C        D         E       F
            +---------+---------+-------+---------+---------+-------
      Total |       5 |       0 |   0.0 |       3 |       0 |   0.0
            +---------+---------+-------+---------+---------+-------
        D:1 |       5 |       0 |   0.0 |       3 |       0 |   0.0
            +---------+---------+-------+---------+---------+-------

Illustrated notes

Table legend:
 A = Kills in this place as a percentage of kills in entire the game.
 B = Kills by you in this place as a percentage of kills by you in the entire game.
 C = Kills by friends in this place as a percentage of kills by friends in the entire game.
 D = Other kills in this place as a percentage of other kills in the entire game.
 E = Experience gained in this place as a percentage of experience gained in the entire game.
 F = Experience gained in this place divided by the number of levels of this place that you have seen.
                   A       B       C       D       E      F
               +-------+-------+-------+-------+-------+----------------------
         Total | 100.0 |   N/A | 100.0 |   N/A | 100.0 |   5.0
       Dungeon | 100.0 |   N/A | 100.0 |   N/A | 100.0 |   5.0
               +-------+-------+-------+-------+-------+----------------------

Table legend: (Time is in decaauts)
 A = Elapsed time spent in this place.
 B = Non-inter-level travel time spent in this place.
 C = Inter-level travel time spent in this place.
 D = Time resting spent in this place.
 E = Time spent auto-exploring this place.
 F = Levels seen in this place.
 G = Mean time per level.
                   A        B        C        D        E       F      G
               +--------+--------+--------+--------+--------+-----+--------+
         Total |     38 |     38 |      0 |      0 |     21 |   1 |   38.0 |
       Dungeon |     38 |     38 |      0 |      0 |     21 |   1 |   38.0 |
               +--------+--------+--------+--------+--------+-----+--------+

Top non-repeatable levels by time:
     D:1: 38 daAuts
